 Dungeon Crawl Stone Soup version 0.28.0-53-g5a82cb258f (webtiles) character file.

Game seed: 6052350547954801467

4343 safid the Severer (level 10, -2/84 HPs)
             Began as a Hill Orc Fighter on July 11, 2022.
             Was a Priest of Beogh.
             Slain by an orc warrior
             ... wielding a +0 war axe
              (9 damage)
             ... in a bailey.
             The game lasted 00:14:19 (10396 turns).

safid the Severer (Hill Orc Fighter)               Turns: 10396, Time: 00:14:20

Health: -2/84      AC: 18    Str: 33    XL:     10   Next: 34%
Magic:  3/14       EV: 11    Int: 15    God:    Beogh [***...]
Gold:   454        SH:  4    Dex: 10    Spells: 9/9 levels left

rFire   + . .      SeeInvis .   y - +4 war axe
rCold   . . .      Faith    +   c - +0 buckler
rNeg    . . .      Spirit   .   h - +1 plate armour "Atyum" {Int+7}
rPois   .          Reflect  .   (no helmet)
rElec   .          Harm     .   K - +2 cloak
rCorr   .          Rampage  .   i - +0 pair of gloves
Will    .....                   (no boots)
Stlth   ..........              q - amulet "Uhehel" {Faith rF+ Str+3}
HPRegen 0.24/turn               p - +4 ring of evasion
MPRegen 0.14/turn               D - +6 ring of strength

@: mighty
A: no striking features
a: Renounce Religion, Smiting


You were in a bailey.
You worshipped Beogh.
Beogh was most pleased with you.
You visited 1 branch of the dungeon, and saw 9 of its levels.
You also visited: Ossuary and Bailey.

You collected 454 gold pieces.

Inventory:

Hand Weapons
 y - a +4 war axe (weapon)
Missiles
 g - 3 javelins (quivered)
 r - 10 poisoned darts
 B - a throwing net
Armour
 c - a +0 buckler (worn)
 h - the +1 plate armour "Atyum" (worn) {Int+7}
   (You found it on level 4 of the Dungeon)

   Int:       It affects your intelligence (+7).
 i - a +0 pair of gloves (worn)
 K - a +2 cloak (worn)
Jewellery
 p - a +4 ring of evasion (left hand)
 q - the amulet "Uhehel" (around neck) {Faith rF+ Str+3}
   (You found it on level 2 of the Dungeon)

   [amulet of faith]

   It allows you to gain divine favour quickly.
   Str:       It affects your strength (+3).
   rF:        It protects you from fire.
 x - the ring of the Mage {Wiz Archmagi}
   (You found it on level 3 of the Dungeon)

   [ring of wizardry]

   It improves your spell success rate.
   Archmagi:  It increases the power of your magical spells.
 C - an amulet of reflection
 D - a +6 ring of strength (right hand)
 E - a +6 ring of intelligence
Wands
 a - a wand of mindburst (8)
 o - a wand of polymorph (1)
 u - a wand of charming (1)
 I - a wand of digging (6)
Scrolls
 f - a scroll of brand weapon {unknown}
 l - 5 scrolls of teleportation
 m - 4 scrolls of fear
 w - a scroll of magic mapping {unknown}
 A - a scroll of noise {unknown}
 G - 2 scrolls of holy word {unknown}
 H - a scroll of vulnerability {unknown}
 J - a scroll of enchant weapon {unknown}
Potions
 b - a potion of invisibility {unknown}
 e - 2 potions of attraction
 j - 4 potions of mutation
 k - 2 potions of heal wounds {unknown}
 n - a potion of haste {unknown}
 s - 6 potions of curing {unknown}
 t - a potion of magic {unknown}
 v - 2 potions of brilliance {unknown}
 z - a potion of ambrosia {unknown}
 F - 3 potions of flight {unknown}


   Skills:
 + Level 6.4 Fighting
 - Level 16.0 Axes
 + Level 6.0 Armour
 - Level 4.0 Shields
 + Level 5.3 Invocations


You had 9 spell levels left.
You didn't know any spells.
Your spell library contained the following spells:

 Spells                   Type           Power      Damage    Failure   Level
 Freeze                   Ice            0%         1d3       95%         1
 Frozen Ramparts          Ice            0%         1d2       100%        3
 Hailstorm                Conj/Ice       0%         3d3       100%        4


Dungeon Overview and Level Annotations

Branches:
Dungeon (9/15)             Temple (0/1) D:4         Ossuary (visited)
 Bailey (1/1)
   Lair: D:8-11         Orc: D:9-12

Altars:
Cheibriados
Elyvilon
Nemelex Xobeh
Trog
Uskayaw
Wu Jian
Xom

Shops:
D:4 (   D:8 =

Annotations:
D:7 2 transporters, Stomo's ghost, novice VSIE


Message History

The orc knight is almost dead.
The orc warrior misses you.
The orc knight hits you with a +0 war axe!
Unknown command.
You don't have enough magic at the moment.
Throw: 5 javelins
Press: ? - help, Q - select action, (/) - cycle Shift-Dir - straight line, f/p - orc knight
Aim: an orc knight, wielding a +0 war axe and wearing a +0 plate armour (almost dead, 59% to hit)
You throw a javelin.
The javelin barely misses the orc knight.
You block the orc warrior's attack.
The orc knight hits you with a +0 war axe!!
* * * LOW HITPOINT WARNING * * *
You block the orc warrior's attack.
You feel very mighty all of a sudden. You block the orc knight's attack.
The orc warrior hits you but does no damage.
Unknown command.
You closely miss the orc knight.
The orc knight is almost dead.
You barely miss the orc warrior.
The orc knight hits you with a +0 war axe!
* * * LOW HITPOINT WARNING * * *
The orc warrior barely misses you.
Unknown command.
You barely miss the orc knight.
The orc knight is almost dead.
You barely miss the orc warrior. The orc knight closely misses you.
Unknown command.
You don't have enough magic at the moment.
Throw: 4 javelins
Press: ? - help, Q - select action, (/) - cycle Shift-Dir - straight line, f/p - orc knight
Aim: an orc knight, wielding a +0 war axe and wearing a +0 plate armour (almost dead, 59% to hit)
You throw a javelin.
The javelin pierces through the orc knight.
The orc knight is almost dead.
The orc warrior barely misses you. You block the orc knight's attack.
The orc warrior hits you with a +0 war axe!
You die...
Beogh appreciates the orc warrior's killing of a heretic priest.

#############.###
####.(.....o@.......
##..........o########
##.........#'##
#.....⌠....#..#
##.......###..# ###.....#
'..## #####......###...^
≈≈≈≈≈≈≈.((...#..####+####
.#K.
##≈≈≈≈≈≈≈≈≈≈.####.......#
##≈≈


You could see an orc knight and an orc warrior (strong).

Vanquished Creatures
  Pikel (D:6)
  An orc knight (Bailey)
  Maurice (D:8)
  Sigmund (D:4)
  A sky beast (D:5)
  3 orc warriors
  4 centaurs
  3 lemures (D:6)
  A kobold brigand (D:8)
  A phantom (D:6)
  3 elf zombies (Ossuary)
  A bullfrog (D:8)
  3 scorpions
  A wyvern skeleton (D:5)
  3 killer bees (D:7)
  8 wights
  4 centaur zombies
  2 orc priests (D:7)
  3 hounds
  A jelly (D:5)
  A centaur skeleton (D:4)
  2 human zombies (Ossuary)
  3 gnoll shamans
  3 iguanas
  5 orc wizards
  6 hound zombies
  3 mummies (Ossuary)
  19 gnolls
  A howler monkey skeleton (D:7)
  4 adders
  A white imp (D:6)
  An ufetubus (D:6)
  2 adder zombies (Ossuary)
  4 worms
  2 dart slugs
  19 orcs
  8 endoplasms
  3 giant cockroaches
  2 gnoll zombies
  6 goblins
  7 hobgoblins
  9 jackals
  4 quokkas
  3 ball pythons (D:1)
  3 bats
  4 goblin zombies (Ossuary)
  5 hobgoblin zombies
  2 jackal zombies (Ossuary)
  16 kobolds
  5 kobold zombies
  An orc zombie (Ossuary)
  A quokka zombie (Ossuary)
  5 rats
  4 rat zombies (Ossuary)
210 creatures vanquished.

Vanquished Creatures (collateral kills)
  2 orc wizards (D:8)
  A gnoll (Bailey)
  A hobgoblin (Bailey)
4 creatures vanquished.

Vanquished Creatures (others)
  2 orc warriors (Bailey)
  An orc (D:8)
  5 plants (D:4)
8 creatures vanquished.

Grand Total: 222 creatures vanquished

Notes
Turn   | Place    | Note
-------+----------+-------------------------------------------
     0 | D:1      | safid the Hill Orc Fighter began the quest for the Orb.
     0 | D:1      | Reached XP level 1. HP: 19/19 MP: 1/1
    96 | D:1      | Found a faded altar of an unknown god.
   145 | D:1      | Reached skill level 3 in Axes
   145 | D:1      | Reached XP level 2. HP: 21/27 MP: 2/2
   599 | D:1      | Reached XP level 3. HP: 26/33 MP: 3/3
  1691 | D:2      | Identified the amulet "Uhehel" {Faith rF+ Str+3}
  2332 | D:3      | Reached XP level 4. HP: 37/40 MP: 4/4
  2720 | D:3      | Found the ring of the Mage {Wiz Archmagi}
  3028 | D:2      | Reached skill level 4 in Axes
  3423 | D:3      | Found an ornate altar of the Wu Jian Council.
  3586 | D:3      | Found a bloodstained altar of Trog.
  3757 | D:4      | Identified the +1 plate armour "Atyum" {Int+7}
  3782 | D:4      | Reached skill level 5 in Axes
  3782 | D:4      | Reached XP level 5. HP: 41/46 MP: 5/5
  3865 | D:4      | Found Jieno's Antique Weapon Shop.
  4147 | D:4      | Reached skill level 6 in Axes
  4166 | D:4      | Became a worshipper of Beogh the Brigand
  4249 | D:4      | Found a staircase to the Ecumenical Temple.
  4359 | D:4      | Reached XP level 6. HP: 49/52 MP: 6/6
  4498 | D:4      | Reached skill level 7 in Axes
  4561 | D:5      | Entered Level 5 of the Dungeon
  4561 | D:5      | Noticed Sigmund
  4574 | D:4      | Killed Sigmund
  4575 | D:4      | Reached skill level 9 in Axes
  4575 | D:4      | Reached XP level 7. HP: 34/59 MP: 7/7
  5179 | D:5      | Reached skill level 10 in Axes
  5200 | D:5      | Reached * piety under Beogh
  5437 | D:5      | Reached skill level 11 in Axes
  5437 | D:5      | Reached XP level 8. HP: 40/66 MP: 8/8
  5756 | D:6      | Noticed Pikel
  5800 | D:6      | Killed Pikel
  5801 | D:6      | Reached skill level 12 in Axes
  6044 | D:6      | Reached skill level 13 in Axes
  6451 | D:6      | Found a white marble altar of Elyvilon.
  6454 | D:6      | Found a snail-covered altar of Cheibriados.
  6467 | D:6      | Found a hide-covered altar of Uskayaw.
  6871 | D:7      | Reached XP level 9. HP: 69/71 MP: 9/9
  6905 | D:7      | Reached skill level 14 in Axes
  6987 | D:7      | Reached ** piety under Beogh
  7704 | D:7      | Found a transporter.
  7708 | D:7      | Noticed a moth of wrath
  7709 | D:7      | Noticed Stomo's ghost (novice VSIE)
  7766 | D:7      | Found a transporter.
  7825 | D:7      | Reached skill level 15 in Axes
  8567 | D:8      | Found a shimmering altar of Xom.
  8600 | D:8      | Found a sand-covered staircase.
  8604 | D:8      | Reached *** piety under Beogh
  8747 | Ossuary  | Entered an ossuary
  8816 | Ossuary  | Reached skill level 16 in Axes
  8927 | Ossuary  | Reached **** piety under Beogh
  8928 | Ossuary  | Reached skill level 1 in Invocations
  9128 | D:8      | Found Anuthria's Jewellery Shoppe.
  9231 | D:8      | Found the +3 salamander hide armour {Flames rF++ rC--}
  9301 | D:8      | Reached skill level 5 in Fighting
  9451 | D:8      | Reached skill level 5 in Armour
  9451 | D:8      | Reached XP level 10. HP: 64/81 MP: 12/12
  9770 | D:8      | Found a sparkling altar of Nemelex Xobeh.
  9791 | D:8      | Noticed Maurice
  9822 | D:8      | Killed Maurice
 10204 | D:9      | Found a flagged portal.
 10224 | Bailey   | Entered a bailey
 10233 | Bailey   | Noticed an orc knight
 10309 | Bailey   | Noticed an orc knight
 10320 | Bailey   | Killed an orc knight
 10321 | Bailey   | Reached skill level 5 in Invocations
 10396 | Bailey   | Slain by an orc warrior

Illustrated notes

Levels and vault maps discovered:
D:1:      denvon_arrival_planthouse, layout_basic,
          chequers_ecumenical_altar_island, minmay_split_cup_large
D:2:      layout_basic
D:3:      layout_basic, amcnicky_altar_gilded, marbit_many_paths
D:4:      layout_basic, minmay_temple_entry_wispy, serial_shops,
          nicolae_shop_overgrown_old_shop
D:5:      layout_layer_cave, uniq_sigmund
D:6:      layout_basic, gammafunk_temple_overflow_forgotten,
          serial_corexii_hall, corexii_hall_statues_x, corexii_hall_statues_l,
          uniq_pikel
D:7:      layout_basic, gammafunk_ghost_berserking_beasts
D:8:      layout_basic, mainiacjoe_overflow_boulevard, old_standard_altar,
          enter_ossuary_3, minmay_shop_enchanted_jewellery, uniq_maurice
D:9:      layout_long_grid, bloody_makhleb, enter_bailey_2,
          chequers_serial_rivers_micro_a, grunt_tough_drop
Bailey:   bailey_axe_4, bailey

Skill      XL: |  1  2  3  4  5  6  7  8  9 10 |
---------------+-------------------------------+-----
Axes           | 3 5 6 9 11 13 16 | 16.0
Fighting       | 4 5 6 |  6.4
Armour         | 4 5 6 |  6.0
Shields        | 4 |  4.0
Invocations    | 3 5 |  5.3

Action                   |  1- 3 |  4- 6 |  7- 9 | 10-12 || total
-------------------------+-------+-------+-------+-------++-------
Melee: War axe           |   121 |    93 |   452 |    74 ||   740
Throw: Javelin           |       |       |     4 |     6 ||    10
Invok: Convert to Beogh  |       |     1 |       |       ||     1
       Smiting           |       |       |       |     7 ||     7
  Use: Potion            |       |     1 |       |     1 ||     2
       Scroll            |       |       |     5 |       ||     5
Armor: Scale mail        |    66 |    12 |       |       ||    78
       Plate armour      |       |    27 |   179 |    36 ||   242
Dodge: Dodged            |    67 |    55 |   168 |    40 ||   330
Block: Buckler           |    24 |    32 |    80 |    21 ||   157
